 Dungeon Crawl Stone Soup version 0.26.1-11-gd32895ea62 (webtiles) character file.

Game seed: 14887726683477757148

56 Phaedo the Insei (level 3, -2/27 HPs)
             Began as a Demigod Transmuter on Apr 16, 2021.
             Killed from afar by an orc wizard (7 damage)
             ... with a puff of flame
             ... on level 3 of the Dungeon.
             The game lasted 00:03:51 (2450 turns).

Phaedo the Insei (Demigod Transmuter)               Turns: 2450, Time: 00:03:52

Health: -2/27      AC:  2    Str: 13    XL:     3   Next: 47%
Magic:  8/8        EV: 13    Int: 19    God:
Gold:   117        SH:  0    Dex: 16    Spells: 5/6 levels left

rFire    . . .     SeeInvis .     - Unarmed
rCold    . . .     Faith    .   (no shield)
rNeg     . . .     Spirit   .   a - +0 robe
rPois    .         Reflect  +   (helmet currently unavailable)
rElec    .         Harm     .   (no cloak)
rCorr    .         Rampage  .   (no gloves)
Will     .....                  (boots currently unavailable)
Stlth    +.........             c - amulet of reflection
HPRegen  0.09/turn              (no ring)
MPRegen  0.11/turn              (no ring)

@: confused, appendages
A: horns 2, talons 2, high mp 1
a: End Transformation


You were on level 3 of the Dungeon.
You had grown temporary horns.
You had grown temporary talons.
You visited 1 branch of the dungeon, and saw 3 of its levels.

You collected 117 gold pieces.

Inventory:

Missiles
 b - 89 stones (quivered)
 o - 19 bolts
Armour
 a - a +0 robe (worn)
Jewellery
 c - an amulet of reflection (around neck)
Scrolls
 d - a scroll of fog {unknown}
 e - a scroll of fear {unknown}
 f - 2 scrolls of amnesia {unknown}
 h - 3 scrolls of remove curse {unknown}
 i - 2 scrolls of identify {unknown}
 l - a scroll of blinking {unknown}
 m - a scroll of enchant armour {unknown}
Potions
 g - a potion of heal wounds {unknown}
 j - a potion of haste {unknown}
 k - 2 potions of flight {unknown}
 n - a potion of curing {unknown}


   Skills:
 - Level 0.8 Fighting
 + Level 2.3 Dodging
 * Level 3.5 Unarmed Combat
 - Level 2.0 Spellcasting
 + Level 2.3 Transmutations


You had 5 spell levels left.
You knew the following spells:

 Your Spells              Type           Power        Failure   Level
a - Beastly Appendage     Tmut           20%          6%          1

Your spell library contained the following spells:

 Spells                   Type           Power        Failure   Level
 Wereblood                Tmut           10%          10%         2
 Spider Form              Tmut/Pois      3%           32%         3
 Ice Form                 Ice/Tmut       6%           71%         4
 Blade Hands              Tmut           5%           87%         5


Dungeon Overview and Level Annotations

Branches:
Dungeon (3/15)


Innate Abilities, Weirdness & Mutations

You have an increased reservoir of magic. (+10% MP)
You have a pair of horns on your head.
You have razor-sharp toenails.


Message History

You kill the kobold!
The orc hits you but does no damage.
An orc comes into view. It is wielding a +0 mace.
You hear some strange, mumbled words.
A puff of flame appears from out of thin air!
The puff of flame misses you.
You are too confused!
Unknown command.
The orc hits you but does no damage.
You see here a stone.
You bump into the rock wall.
The orc barely misses you.
You bump into the rock wall.
Something hits you.
* * * LOW HITPOINT WARNING * * *
The orc hits you.
* * * LOW HITPOINT WARNING * * *
You bump into the rock wall.
You hear some strange, mumbled words.
A puff of flame appears from out of thin air!
The puff of flame hits you!
You die...

<..............#
###............#
#########.##.#####.#
#.##.......#
###.##.####..#
..............#
#######.#.##..>.
#.#(# #
##.#@#######.
#...o{.......
#.#.#o.###..#
#.#.#..# #.###.)#
..... ##.(#.# ...#.#
#..# #


You could see 2 orcs.

Vanquished Creatures
  An adder (D:2)
  A dart slug (D:1)
  2 leopard geckos (D:1)
  4 giant cockroaches
  7 goblins
  5 hobgoblins
  A quokka (D:3)
  3 bats
  3 frilled lizards
  10 kobolds
  4 rats
41 creatures vanquished.

Notes
Turn   | Place    | Note
-------+----------+-------------------------------------------
     0 | D:1      | Phaedo the Demigod Transmuter began the quest for the Orb.
     0 | D:1      | Reached XP level 1. HP: 15/15 MP: 5/5
   131 | D:1      | Reached XP level 2. HP: 6/22 MP: 4/7
   133 | D:1      | Reached skill level 3 in Unarmed Combat
  1232 | D:2      | Reached XP level 3. HP: 27/27 MP: 6/8
  2450 | D:3      | Killed from afar by an orc wizard

Illustrated notes

Levels and vault maps discovered:
D:1:      mrwooster_arrival_arrow, layout_loops_ring
D:2:      layout_loops_ring, minmay_goblin_outpost
D:3:      layout_loops_ring, minmay_misc_feat_nine_boxes, lemuel_blue_sif_altar

Skill      XL: |  1  2 |
---------------+-------+-----
Transmutations | 2 |  2.3
Dodging        | 2 |  2.3
Unarmed Combat | 3 |  3.5
Spellcasting   | 2 |  2.0
Fighting       | |  0.8

Action                   || total
-------------------------++-------
Melee: Unarmed           ||    84
       Kick              ||    12
       Headbutt          ||     9
Throw: Stone             ||    24
 Cast: Beastly Appendage ||    20
 Stab: Sleeping          ||     3
Armor: Robe              ||    14
Dodge: Dodged            ||    40
Block: Other             ||    15
       Reflection        ||     4
